Map: Acid Plant LE

Players

Semper - Winner!

  • Race: Terran Terran
  • Spawn Location: 11:00

Nice

  • Race: Protoss Protoss
  • Spawn Location: 5:00

Event: WCS Austin 2018

VOD

Have the link to the VOD?

Description

Time

  • Played on: June 1, 2018, 2:10 p.m.
  • Length: 8:45

All games in this series

Show
View Real Time Build Order
Export as new Build Order

Semper Terran - Winner!

Build Orders: Reaper Expand, MMM Bio 

Get SALT Encoding   

  12  0:00  SCV  
  13  0:12  SCV  
  14  0:17  Supply Depot  
  14  0:25  SCV  
  15  0:38  SCV  
  15  0:40  Barracks  
  16  0:45  Refinery  
  16  0:50  SCV  
  17  1:03  SCV  
  18  1:15  SCV  
  19  1:27  Orbital Command  
  19  1:29  Reaper  
  20  1:44  Command Center  
  20  1:53  SCV  
  21  2:00  Marine  
  22  2:03  Supply Depot  
  22  2:07  SCV  
  23  2:13  Factory  
  23  2:18  Refinery  
  23  2:23  Barracks Reactor  
  23  2:24  SCV  
  24  2:36  SCV  
  25  2:48  SCV  
  26  2:57  Orbital Command  
  25  3:00  Widow Mine, Marine x2  
  25  3:05  Starport, SCV  
  29  3:17  Marine, SCV  
  29  3:18  Marine  
  32  3:21  Widow Mine  
  32  3:24  SCV  
  35  3:31  SCV  
  36  3:34  Barracks  
  36  3:35  Marine x2  
  36  3:36  SCV  
  39  3:43  Widow Mine  
  41  3:49  SCV  
  41  3:53  Marine, SCV  
  44  3:57  Medivac  
  44  4:00  Supply Depot  
  44  4:02  Barracks  
  46  4:07  Factory Tech Lab  
  46  4:13  Bunker  
  46  4:22  Marine x2, SCV  
  49  4:25  SCV  
  49  4:29  Siege Tank  
  49  4:30  Barracks Tech Lab  
  52  4:34  SCV  
  52  4:38  SCV  
  52  4:42  Engineering Bay  
  52  4:43  Supply Depot  
  51  4:46  Bunker  
  51  4:52  Marine x2  
  52  4:56  Stimpack  
  52  4:57  SCV  
  54  5:06  Supply Depot  
  54  5:09  Siege Tank  
  54  5:10  Barracks Tech Lab  
  54  5:12  SCV  
  58  5:15  Starport Reactor, Terran Infantry Weapons Level 1  
  58  5:16  Marine  
  59  5:23  Marine, SCV  
  59  5:24  Marine  
  59  5:27  SCV  
  63  5:31  Missile Turret  
  63  5:35  Supply Depot  
  63  5:36  SCV  
  63  5:38  Marine x2  
  63  5:41  Marine  
  67  5:44  Combat Shields  
  67  5:45  SCV  
  67  5:49  Factory Reactor  
  68  5:52  SCV  
  68  5:53  Marine  
  69  5:59  SCV  
  70  6:06  SCV  
  69  6:11  Marine  
  69  6:15  Marauder  
  69  6:17  SCV  
  69  6:20  Marine, Supply Depot  
  69  6:24  Medivac  
  70  6:26  Marauder  
  70  6:32  Marine  
  71  6:33  SCV  
  71  6:36  Marauder  
  71  6:38  Widow Mine, Marine  
  78  6:41  Widow Mine  
  78  6:42  Refinery  
  78  6:44  Supply Depot, SCV  
  78  6:46  Command Center  
  81  6:48  Marauder  
  81  6:50  Marine  
  81  6:52  SCV  
  85  6:56  Refinery  
  85  6:58  Supply Depot, Marine  
  86  7:05  Concussive Shells, Medivac, SCV  
  86  7:06  Marauder, Supply Depot  
  91  7:14  Marine  
  91  7:15  Marauder  
  94  7:16  Marine  
  94  7:20  SCV  
  94  7:21  SCV  
  93  7:27  Missile Turret  
  93  7:28  Medivac  
  90  7:32  SCV  
  90  7:34  Widow Mine  
  90  7:35  Widow Mine  
  90  7:36  Marine  
  95  7:37  Marauder, Marine  
  95  7:41  SCV  
  95  7:44  Barracks  
  99  7:45  Barracks  
  99  7:50  SCV  
  94  7:53  Marine  
  94  7:54  Marine  
  94  7:55  Marine  
  97  8:01  SCV  
  97  8:04  Marine  
  99  8:10  Marine  
  100  8:14  Marine x2  
  108  8:20  SCV  
  108  8:22  Marauder  
  108  8:23  SCV  
  112  8:32  SCV  
Show
View Real Time Build Order
Export as new Build Order

Nice Protoss 

Build Orders: 1 Gate Expand, Zealot Archon 

Get SALT Encoding   

  12  0:00  Probe  
  13  0:12  Probe  
  14  0:17  Pylon  
  14  0:24  Probe  
  15  0:32  Probe  
  15  0:37  Gateway  
  15  0:40  Probe  
  16  0:46  Assimilator  
  17  0:51  Probe  
  18  1:03  Probe  
  19  1:15  Probe  
  20  1:23  Nexus  
  20  1:33  Cybernetics Core  
  20  1:36  Probe  
  21  1:40  Warp Gate  
  21  1:41  Assimilator  
  21  1:50  Pylon  
  21  1:51  Probe  
  22  2:00  Adept  
  22  2:03  Probe  
  25  2:15  Probe  
  26  2:26  Adept  
  28  2:34  Probe  
  28  2:35  Probe  
  30  2:46  Probe  
  30  2:47  Probe  
  32  2:53  Adept  
  34  3:01  Gateway  
  34  3:04  Gateway  
  34  3:07  Probe x2  
  34  3:10  Pylon  
  36  3:19  Probe x2  
  38  3:31  Probe x2  
  38  3:43  Probe  
  39  3:55  Probe x2  
  39  3:57  Stalker  
  39  3:59  Stalker  
  39  4:00  Stalker  
  45  4:03  Probe  
  45  4:04  Robotics Facility, Pylon  
  45  4:07  Probe  
  47  4:11  Probe  
  48  4:19  Probe  
  47  4:28  Adept x3  
  47  4:29  Probe  
  47  4:30  Assimilator  
  54  4:31  Probe  
  54  4:32  Assimilator  
  54  4:33  Twilight Council  
  54  4:36  Pylon  
  55  4:40  Pylon, Warp Prism  
  55  4:41  Probe  
  55  4:44  Probe  
  59  4:57  Nexus  
  59  5:02  Charge  
  59  5:13  Dark Shrine  
  59  5:14  Probe x2, Forge  
  59  5:18  Observer  
  61  5:26  Probe  
  61  5:28  Probe, Pylon  
  64  5:38  Probe  
  64  5:40  Probe  
  64  5:41  Gateway  
  64  5:42  Protoss Ground Armor Level 1  
  66  5:43  Gateway x2  
  66  5:50  Probe  
  66  5:51  Immortal  
  66  5:52  Probe  
  72  6:04  Stalker  
  71  6:06  Stalker  
  71  6:07  Stalker  
  56  6:27  Probe x2  
  56  6:32  Dark Templar x3  
  60  6:39  Probe x2  
  60  6:52  Immortal  
  60  6:53  Dark Templar  
  66  6:54  Probe  
  66  6:57  Pylon  
  66  6:58  Sentry x2  
  66  6:59  Archon, Probe  
  72  7:06  Probe  
  73  7:11  Probe  
  73  7:13  Zealot x3  
  76  7:29  Archon  
  74  7:38  Templar Archives  
  74  7:42  Nexus  
  74  7:43  Pylon  
  74  7:44  Observer, Warp Prism  
  64  7:55  Zealot x3  
  72  8:04  Gateway  
  72  8:05  Gateway  
  71  8:14  High Templar x3  
  71  8:15  High Templar  
  71  8:16  Zealot x2  
  71  8:18  Archon  
  71  8:19  Archon  
  83  8:32  Pylon  
  83  8:34  Pylon  
Tags
 
Add a new tag
Caveats
  • Supply blocks, unpowered buildings, or Contaminate may cause inaccurate times.
  • Supply counts are checked every 10 seconds.